 Dungeon Crawl Stone Soup version 0.25.0-10-g039870ee82 (webtiles) character file.

Game seed: 12083438975444592027

219 Peloso the Covered (level 5, -6/46 HPs)
             Began as a Minotaur Fighter on June 22, 2020.
             Was an Initiate of Okawaru.
             Mangled by an ogre
             ... wielding a +0 giant club
              (16 damage)
             ... on level 3 of the Dungeon.
             The game lasted 00:05:40 (2445 turns).

Peloso the Covered (Minotaur Fighter)               Turns: 2445, Time: 00:05:41

Health: -6/46      AC: 13    Str: 21    XL:     5   Next: 64%
Magic:  4/4        EV:  6    Int:  5    God:    Okawaru [......]
Gold:   118        SH: 11    Dex: 10    Spells: 4/4 levels left

rFire    . . .     SeeInvis .   a - +0 long sword
rCold    + . .     Gourm    .   c - +1 kite shield
rNeg     . . .     Faith    .   q - +2 chain mail {rC+}
rPois    .         Spirit   .   (helmet restricted)
rElec    .         Reflect  .   (no cloak)
rCorr    .         Harm     .   (no gloves)
MR       .....                  t - +0 pair of boots
Stlth    ..........             (no amulet)
HPRegen  0.15/turn              (no ring)
MPRegen  0.09/turn              k - ring of stealth

@: no status effects
A: retaliatory headbutt, horns 2
a: Renounce Religion


You were on level 3 of the Dungeon.
You worshipped Okawaru.
Okawaru was noncommittal.
You were not hungry.

You visited 1 branch of the dungeon, and saw 3 of its levels.

You collected 118 gold pieces.

Inventory:

Hand Weapons
 a - a +0 long sword (weapon)
Armour
 b - a +0 scale mail
 c - a +1 kite shield (worn)
 g - a +0 chain mail
 q - a +2 chain mail of cold resistance (worn)
 t - a +0 pair of boots (worn)
Jewellery
 e - an uncursed ring of magical power
 k - a ring of stealth (right hand)
 r - an uncursed amulet of faith {unknown}
Wands
 o - a wand of random effects (21)
Scrolls
 h - 2 scrolls of remove curse
 l - a scroll of teleportation
Potions
 d - 4 potions of might
 j - 2 potions of curing
 m - a potion of stabbing {unknown}
 n - a potion of magic {unknown}
 p - a potion of heal wounds
 s - 2 potions of cancellation {unknown}
Comestibles
 f - 7 rations
 i - 4 chunks of flesh


   Skills:
 + Level 4.1 Fighting
 + Level 4.5 Long Blades
 + Level 5.1 Armour
 + Level 0.8 Dodging
 + Level 0.1 Stealth
 + Level 4.9 Shields


You had 4 spell levels left.
You didn't know any spells.
Your spell library was empty.

Dungeon Overview and Level Annotations

Branches:
Dungeon (3/15)

Altars:
Kikubaaqudgha
Okawaru

Annotations:
D:3 1 runed translucent door


Innate Abilities, Weirdness & Mutations

You reflexively headbutt those who attack you in melee.
You have a pair of horns on your head.


Message History

The ogre is severely wounded.
The ogre hits you with a +0 giant club.
You barely miss the ogre.
The ogre is severely wounded.
You block the ogre's attack.
You hit the ogre.
The ogre is almost dead.
You block the ogre's attack.
You hit the ogre but do no damage.
The ogre is almost dead.
The ogre hits you with a +0 giant club!!
Ouch! That really hurt!
You barely miss the ogre.
The ogre is almost dead.
The ogre hits you with a +0 giant club.
* * * LOW HITPOINT WARNING * * *
You hit the ogre.
The ogre is almost dead.
The ogre hits you with a +0 giant club!
You die...

#.≈.# #.≈.# ##+## #...#
###.############# # ...
..........)...... .##...
#########..#######>.....
#..# #......%. ##..#
###@#.....
#...###.O#....[..
#.##.......#.##... ...#
#.#.....#.# #...
#.#.....#.# #...#
#.........#
##.#.###......### ..
#...#####.####.
##..##.#...........


You could see an ogre.

Vanquished Creatures
  Jessica (D:2)
  Terence (D:3)
  9 gnolls
  3 adders (D:2)
  An ooze (D:2)
  A leopard gecko (D:2)
  2 ball pythons
  3 giant cockroaches
  6 goblins
  5 hobgoblins
  7 jackals (D:2)
  6 kobolds
  4 bats
  3 frilled lizards
  6 rats
58 creatures vanquished.

Vanquished Creatures (others)
  A plant (D:3)
1 creature vanquished.

Grand Total: 59 creatures vanquished

Notes
Turn   | Place    | Note
-------+----------+-------------------------------------------
     0 | D:1      | Peloso the Minotaur Fighter began the quest for the Orb.
     0 | D:1      | Reached XP level 1. HP: 19/19 MP: 0/0
   552 | D:1      | Reached XP level 2. HP: 27/27 MP: 1/1
   924 | D:2      | Reached skill level 4 in Armour
  1027 | D:2      | Reached XP level 3. HP: 33/33 MP: 2/2
  1158 | D:2      | Found an ancient bone altar of Kikubaaqudgha.
  1230 | D:2      | Found an iron altar of Okawaru.
  1241 | D:2      | Became a worshipper of Warmaster Okawaru
  1280 | D:2      | Noticed Jessica
  1286 | D:2      | Killed Jessica
  1286 | D:2      | Reached XP level 4. HP: 40/40 MP: 3/3
  1289 | D:2      | You fall into a shaft and drop 1 floor!
  1599 | D:2      | Reached skill level 5 in Armour
  1610 | D:2      | Reached XP level 5. HP: 40/46 MP: 4/4
  1801 | D:3      | Noticed an ogre
  2325 | D:3      | Noticed Terence
  2335 | D:3      | Killed Terence
  2410 | D:3      | Found a runed translucent door.
  2445 | D:3      | Mangled by an ogre

Illustrated notes

Levels and vault maps discovered:
D:1:      minmay_arrival_four_houses, layout_loops_ring
D:2:      layout_basic, lemuel_coloured_pillars_altar, serial_glass,
          glass_columns_b, glass_columns_b, glass_columns_a, glass_columns_b,
          okawaru_metal_pillars_1_2, uniq_jessica
D:3:      lemuel_castle_with_subvaults [lemuel_castle_interior_carwin_2],
          layout_loops_ring, ebering_ghost_reflecting_pool, dk_vineyard_3,
          uniq_terence

Skill      XL: |  1  2  3  4  5 |
---------------+----------------+-----
Shields        | 4 |  4.9
Armour         | 4 5 |  5.1
Long Blades    | 3 4 |  4.5
Fighting       | 4 |  4.1
Dodging        | |  0.8
Stealth        | |  0.1

Action                   |  1- 3 |  4- 6 || total
-------------------------+-------+-------++-------
Melee: Long sword        |    50 |    85 ||   135
       Headbutt          |     9 |    22 ||    31
  Use: Potion            |     1 |       ||     1
       Scroll            |       |     5 ||     5
  Eat: Chunk             |     1 |     4 ||     5
Armor: Chain mail        |    29 |    79 ||   108
Dodge: Dodged            |    11 |    30 ||    41
Block: Kite shield       |    20 |    79 ||    99
       Rpst.: Long sword |     5 |     7 ||    12
